New York Rangers vs Quebec Nordiques
Created - Friday, February 21, 2025 at 08:08
Goals
|
| New York Rangers |
0 |
1 |
0 |
1 |
| Quebec Nordiques |
0 |
1 |
1 |
2 |
|
Shots
|
| New York Rangers |
5 |
12 |
6 |
23 |
| Quebec Nordiques |
15 |
14 |
17 |
46 |
|
1st period
No Goal
Penalties :
Marcus Foligno (NYR) for High sticking (Minor) at 6:52
2nd period
1. Quebec Nordiques , Shane Pinto 4 (Cole Perfetti 4, Zach Benson 5) at 3:37 (PP)
2. New York Rangers , Nikolaj Ehlers 3 (Joe Pavelski 8) at 17:30 (PP)
Penalties :
Kyle Burroughs (NYR) for Slashing (Minor) at 2:35, Luke Kunin (QUE) for Fighting (Major) at 12:04, Kyle Burroughs (NYR) for Fighting (Major) at 12:04, Luke Kunin (QUE) for instigated a fight (Minor) at 12:04, Luke Kunin (QUE) for instigated a fight (10 Minutes Misconduct) at 12:04, J.J. Moser (QUE) for Interference (Minor) at 17:01
3rd period
3. Quebec Nordiques , Jordan Greenway 1 (Zach Benson 6, Kirby Dach 2) at 19:54
Penalties :
Artemi Panarin (NYR) for Tripping (Minor) at 1:33, Jake Walman (NYR) for Hooking (Minor) at 4:20, Adam Larsson (NYR) for High sticking (Minor) at 13:10, Luke Kunin (QUE) for Roughing (Minor) at 15:38
Goalie Stats
Igor Shesterkin (NYR), 44 saves from 46 shots - (0.957), L, 6-6-1, 60:00 minutes
Joseph Woll (QUE), 22 saves from 23 shots - (0.957), W, 3-4-1, 60:00 minutes
Players Stats for New York Rangers
Player Name G A P +/- PIM S H SB GA TA FO MP PP MP PK MP
------------------------------------------------------------------------------------
Adam Larsson 0 0 0 -1 2 1 1 4 0 0 0/0 21:54 0:00 4:08
Artemi Panarin 0 0 0 0 2 0 0 1 1 0 0/0 17:22 2:58 0:00
Brendan Smith 0 0 0 -1 0 1 5 0 0 0 0/0 19:11 0:00 5:11
Cam Fowler 0 0 0 0 0 1 0 5 0 1 0/0 24:15 3:17 3:49
Cole Caufield 0 0 0 0 0 1 1 0 0 0 0/1 16:11 2:58 0:51
Conor Garland 0 0 0 0 0 0 0 1 0 0 0/0 7:34 0:00 0:00
David Kampf 0 0 0 -1 0 1 0 0 0 0 6/10 11:41 0:00 3:53
Dylan Strome 0 0 0 0 0 3 0 0 0 1 6/17 15:59 1:29 0:00
Jake McCabe 0 0 0 -1 0 1 2 1 0 1 0/0 16:31 0:00 0:34
Jake Walman 0 0 0 0 2 0 0 1 0 1 0/0 21:28 1:10 4:14
Joe Pavelski 0 1 1 0 0 2 1 0 1 0 1/1 13:43 1:29 0:00
Kyle Burroughs 0 0 0 0 7 0 2 1 0 1 0/0 11:47 0:00 0:00
Marcus Foligno 0 0 0 0 2 1 2 1 0 1 0/0 11:09 0:00 3:12
Mathew Barzal 0 0 0 0 0 0 3 2 0 0 1/1 18:12 3:17 0:00
Mikael Granlund 0 0 0 0 0 2 2 2 0 0 8/20 18:18 1:10 4:38
Nathan MacKinnon 0 0 0 0 0 3 1 1 2 0 10/22 14:57 2:58 0:00
Nikolaj Ehlers 1 0 1 -1 0 3 1 1 1 0 0/1 14:34 1:29 0:44
Teuvo Teravainen 0 0 0 0 0 3 1 0 0 0 0/2 16:10 0:00 4:38
Players Stats for Quebec Nordiques
Player Name G A P +/- PIM S H SB GA TA FO MP PP MP PK MP
------------------------------------------------------------------------------------
Alexandre Carrier 0 0 0 0 0 0 2 1 1 0 0/0 21:15 5:27 1:22
Anthony Mantha 0 0 0 0 0 3 0 0 0 0 0/0 8:52 0:00 0:00
Cole Perfetti 0 1 1 0 0 2 1 1 0 0 1/1 20:27 5:30 0:19
Connor Brown 0 0 0 1 0 0 0 0 0 0 0/2 9:52 0:00 0:57
J.J. Moser 0 0 0 1 2 3 2 2 0 0 0/0 26:39 4:39 2:36
Jonas Siegenthaler 0 0 0 0 0 2 3 4 0 0 0/0 21:43 3:31 1:22
Jonatan Berggren 0 0 0 0 0 4 1 0 1 0 2/3 16:32 3:27 0:00
Jordan Greenway 1 0 1 1 0 2 0 1 0 1 0/0 11:41 0:00 3:11
Justin Holl 0 0 0 0 0 0 0 0 0 0 0/0 12:35 0:00 0:00
Kirby Dach 0 1 1 0 0 2 1 0 0 0 0/0 18:31 3:28 0:00
Luke Kunin 0 0 0 0 19 0 0 1 0 1 0/0 6:55 0:01 0:00
Marc Staal 0 0 0 0 0 2 1 0 0 1 0/0 14:21 0:48 0:29
Marco Rossi 0 0 0 0 0 7 1 0 0 0 5/11 16:41 3:28 0:00
Michael Anderson 0 0 0 1 0 4 2 1 0 1 0/0 23:26 3:31 3:05
Michael McCarron 0 0 0 0 0 5 4 1 0 0 14/18 14:54 0:00 2:55
Rem Pitlick 0 0 0 0 0 1 1 0 0 0 2/2 13:51 0:00 0:00
Shane Pinto 1 0 1 0 0 5 0 1 2 0 19/37 20:27 5:30 0:10
Zach Benson 0 2 2 1 0 4 1 0 2 1 0/1 16:48 5:30 1:22
3 Stars
1 - Igor Shesterkin (NYR)
2 - Zach Benson (QUE)
3 - Joseph Woll (QUE)
Power Play
New York Rangers - 1 on 3 Attempt(s) - 33.33%
Quebec Nordiques - 1 on 5 Attempt(s) - 20.00%
Penalty Kill
New York Rangers - 4 on 5 Attempt(s) - 80.00%
- Score 0 goal in Penalty Kill
Quebec Nordiques - 2 on 3 Attempt(s) - 66.67%
- Score 0 goal in Penalty Kill
Team Stat
New York Rangers - Hits : 22 - Faceoff Wins : 32 - Blocked Shots : 21 - Penalty Minutes : 15
Quebec Nordiques - Hits : 20 - Faceoff Wins : 43 - Blocked Shots : 13 - Penalty Minutes : 21
Official
Referees : Wes Mccauley and Garrett Rank
Linesman : Kyle Flemington and Michel Cormier
Game Notes
Luke Kunin beats up Kyle Burroughs at 12:04 of 2nd period
Finance
Level 1 -- Attendance: 4661 (77.68%) -- Ticket Income $466,100
Level 2 -- Attendance: 3834 (76.68%) -- Ticket Income $230,040
Level 3 -- Attendance: 2363 (78.77%) -- Ticket Income $82,705
Level 4 -- Attendance: 3972 (79.44%) -- Ticket Income $99,300
Luxury Box -- Attendance: 831 (83.10%) -- Ticket Income $166,200
Game was played at the Centre Videotron.
Total Attendance: 15661 (78.31%)
Total Ticket Income: $1,044,345
Other Income: $365,521
Total Income: $1,409,866
New York Rangers
5 vs 5 Forward
Center Left Wing Right Wing Time % Phy DF OF
1 Dylan Strome Artemi Panarin Mathew Barzal 32 0 1 4
2 Nathan MacKinnon Cole Caufield Nikolaj Ehlers 29 1 1 3
3 Mikael Granlund Teuvo Teravainen Joe Pavelski 29 1 2 2
4 David Kampf Conor Garland Marcus Foligno 10 1 3 1
5 vs 5 Defense
Defense Defense Time % Phy DF OF
1 Cam Fowler Adam Larsson 36 1 2 2
2 Jake McCabe Jake Walman 34 1 2 2
3 Brendan Smith Kyle Burroughs 30 1 2 2
4 Cam Fowler Jake McCabe 0 1 2 2
PowerPlay Forward
Center Left Wing Right Wing Time % Phy DF OF
1 Nathan MacKinnon Artemi Panarin Cole Caufield 60 0 1 4
2 Dylan Strome Joe Pavelski Nikolaj Ehlers 40 0 1 4
PowerPlay Defense
Defense Defense Time % Phy DF OF
1 Cam Fowler Mathew Barzal 60 0 2 3
2 Mikael Granlund Jake Walman 40 0 2 3
Penalty Kill 4 Players Forward
Center Wing Time % Phy DF OF
1 David Kampf Marcus Foligno 50 1 3 1
2 Mikael Granlund Teuvo Teravainen 50 1 3 1
Penalty Kill 4 Players Defense
Defense Defense Time % Phy DF OF
1 Jake Walman Brendan Smith 50 1 3 1
2 Adam Larsson Cam Fowler 50 1 3 1
Penalty Kill - 3 Players Forward
Forward Time % Phy DF OF
1 David Kampf 50 1 4 0
2 Mikael Granlund 50 1 4 0
Penalty Kill - 3 Players Defense
Defense Defense Time % Phy DF OF
1 Jake Walman Brendan Smith 50 1 4 0
2 Adam Larsson Cam Fowler 50 1 4 0
4 vs 4 Forward
Center Wing Time % Phy DF OF
1 Nathan MacKinnon Artemi Panarin 50 1 2 2
2 Dylan Strome Cole Caufield 50 1 2 2
4 vs 4 Defense
Defense Defense Time % Phy DF OF
1 Cam Fowler Jake McCabe 50 1 2 2
2 Adam Larsson Jake Walman 50 1 2 2
Last Minutes Offensive
Center Left Wing Right Wing Defense Defense
Nathan MacKinnon Artemi Panarin Mathew Barzal Cam Fowler Jake Walman
Last Minutes Defensive
Center Left Wing Right Wing Defense Defense
David Kampf Mikael Granlund Marcus Foligno Jake Walman Brendan Smith
Goaltenders
Starting : Igor Shesterkin
Backup : Alex Lyon
Extra Forwards
Normal : Dylan Strome, Joe Pavelski, Nikolaj Ehlers - PP : Dylan Strome, Conor Garland - PK : Nikolaj Ehlers
Extra Defensemen
Normal : Brendan Smith, Jake Walman, Adam Larsson - PP : Brendan Smith - PK : Jake Walman, Adam Larsson
Penalty Shots
Artemi Panarin, Dylan Strome, Cole Caufield, Conor Garland, Nathan MacKinnon
Scratches
Matthew Benning (Right Leg Injury), Kevin Lankinen (Sports Hernia Injury)
Quebec Nordiques
5 vs 5 Forward
Center Left Wing Right Wing Time % Phy DF OF
1 Shane Pinto Cole Perfetti Kirby Dach 35 1 2 2
2 Marco Rossi Jonatan Berggren Rem Pitlick 30 1 2 2
3 Michael McCarron Anthony Mantha Zach Benson 20 1 2 2
4 Luke Kunin Connor Brown Jordan Greenway 15 1 2 2
5 vs 5 Defense
Defense Defense Time % Phy DF OF
1 J.J. Moser Michael Anderson 35 1 3 1
2 Alexandre Carrier Jonas Siegenthaler 30 1 3 1
3 Marc Staal Justin Holl 25 1 4 0
4 J.J. Moser Jonas Siegenthaler 10 1 3 1
PowerPlay Forward
Center Left Wing Right Wing Time % Phy DF OF
1 Shane Pinto Zach Benson Cole Perfetti 60 1 2 2
2 Marco Rossi Jonatan Berggren Kirby Dach 40 1 2 2
PowerPlay Defense
Defense Defense Time % Phy DF OF
1 J.J. Moser Alexandre Carrier 60 1 2 2
2 Michael Anderson Jonas Siegenthaler 40 1 2 2
Penalty Kill 4 Players Forward
Center Wing Time % Phy DF OF
1 Michael McCarron Jordan Greenway 60 1 4 0
2 Luke Kunin Connor Brown 40 1 4 0
Penalty Kill 4 Players Defense
Defense Defense Time % Phy DF OF
1 J.J. Moser Michael Anderson 60 2 3 0
2 Jonas Siegenthaler Alexandre Carrier 40 2 3 0
Penalty Kill - 3 Players Forward
Forward Time % Phy DF OF
1 Michael McCarron 60 1 4 0
2 Luke Kunin 40 1 4 0
Penalty Kill - 3 Players Defense
Defense Defense Time % Phy DF OF
1 J.J. Moser Michael Anderson 60 1 4 0
2 Jonas Siegenthaler Alexandre Carrier 40 1 4 0
4 vs 4 Forward
Center Wing Time % Phy DF OF
1 Shane Pinto Kirby Dach 60 1 2 2
2 Marco Rossi Cole Perfetti 40 1 2 2
4 vs 4 Defense
Defense Defense Time % Phy DF OF
1 J.J. Moser Michael Anderson 60 1 2 2
2 Alexandre Carrier Jonas Siegenthaler 40 1 2 2
Last Minutes Offensive
Center Left Wing Right Wing Defense Defense
Shane Pinto Cole Perfetti Kirby Dach J.J. Moser Michael Anderson
Last Minutes Defensive
Center Left Wing Right Wing Defense Defense
Michael McCarron Luke Kunin Connor Brown J.J. Moser Michael Anderson
Goaltenders
Starting : Joseph Woll
Backup : Lukas Dostal
Extra Forwards
Normal : Michael McCarron, Luke Kunin, Connor Brown - PP : Luke Kunin, Michael McCarron - PK : Zach Benson
Extra Defensemen
Normal : J.J. Moser, Michael Anderson, Alexandre Carrier - PP : Marc Staal - PK : Marc Staal, Justin Holl
Penalty Shots
Kirby Dach, Zach Benson, Shane Pinto, Cole Perfetti, Marco Rossi
Scratches
Jakub Voracek (Healthy), Alexander Alexeyev (Healthy), Anthony Duclair (Healthy), Dysin Mayo (Healthy)
% Time on Ice - New York Rangers
Lines # - Real PCT - Wanted PCT - Time Play
Normal Forward
1 - 32% - 32% - 14:54
2 - 27% - 29% - 12:35
3 - 25% - 29% - 11:27
4 - 16% - 10% - 7:34
Normal Defense
1 - 38% - 36% - 17:35
2 - 34% - 34% - 15:54
3 - 28% - 30% - 13:01
4 - 0% - 0% - 0:00
PP Forward
1 - 67% - 60% - 2:58
2 - 33% - 40% - 1:29
PP Defense
1 - 74% - 60% - 3:17
2 - 26% - 40% - 1:10
PK Forward
1 - 48% - 50% - 4:20
2 - 52% - 50% - 4:38
PK Defense
1 - 51% - 50% - 4:35
2 - 49% - 50% - 4:23
PK3 Forward
1 - 0% - 50%
2 - 0% - 50%
PK3 Defense
1 - 0% - 50%
2 - 0% - 50%
44 Forward
1 - 0% - 50%
2 - 0% - 50%
44 Defense
1 - 0% - 50%
2 - 0% - 50%
Last Minute Offensive - 0:05
Last Minute Defensive - 0:00
Total
Forward - 60:00
Defense - 60:00
|
% Time on Ice - Quebec Nordiques
Lines # - Real PCT - Wanted PCT - Time Play
Normal Forward
1 - 35% - 35% - 16:03
2 - 28% - 30% - 13:13
3 - 19% - 20% - 8:52
4 - 18% - 15% - 8:22
Normal Defense
1 - 36% - 35% - 16:49
2 - 31% - 30% - 14:16
3 - 27% - 25% - 12:35
4 - 6% - 10% - 2:50
PP Forward
1 - 61% - 60% - 5:30
2 - 39% - 40% - 3:28
PP Defense
1 - 61% - 60% - 5:27
2 - 39% - 40% - 3:31
PK Forward
1 - 79% - 60% - 3:30
2 - 21% - 40% - 0:57
PK Defense
1 - 69% - 60% - 3:05
2 - 31% - 40% - 1:22
PK3 Forward
1 - 0% - 60%
2 - 0% - 40%
PK3 Defense
1 - 0% - 60%
2 - 0% - 40%
44 Forward
1 - 0% - 60%
2 - 0% - 40%
44 Defense
1 - 0% - 60%
2 - 0% - 40%
Last Minute Offensive - 0:00
Last Minute Defensive - 0:05
Total
Forward - 60:00
Defense - 60:00
|
Play-by-Play
1st period
0:01 of 1st period - Shane Pinto wins face-off versus Dylan Strome in neutral zone.
0:30 of 1st period - Wrist shot by Nathan MacKinnon.
0:30 of 1st period - Stopped by Joseph Woll without a rebound.
0:31 of 1st period - Michael McCarron wins face-off versus Mikael Granlund in Quebec Nordiques zone.
0:48 of 1st period - Alexandre Carrier is hit by Jake McCabe and loses puck.
1:02 of 1st period - Wrist shot by Joe Pavelski.
1:02 of 1st period - Shot Misses the Net.
1:16 of 1st period - Wrist shot by Anthony Mantha.
1:16 of 1st period - Shot Misses the Net.
1:18 of 1st period - Wrist shot by Alexandre Carrier.
1:18 of 1st period - Deflect By Michael McCarron.
1:18 of 1st period - Stopped by Igor Shesterkin with a rebound.
1:20 of 1st period - Slapshot by Jonas Siegenthaler.
1:20 of 1st period - Shot Blocked by Jake Walman.
1:22 of 1st period - Slapshot by Jonas Siegenthaler.
1:22 of 1st period - Deflect By Anthony Mantha.
1:22 of 1st period - Shot Misses the Net.
1:22 of 1st period - Puck is out of play.
1:23 of 1st period - Rem Pitlick wins face-off versus Nathan MacKinnon in New York Rangers zone.
1:26 of 1st period - Snap shot by Marco Rossi.
1:26 of 1st period - Deflect By Jonatan Berggren.
1:26 of 1st period - Deflect By Nathan MacKinnon.
1:26 of 1st period - Stopped by Igor Shesterkin without a rebound.
1:27 of 1st period - Nathan MacKinnon wins face-off versus Marco Rossi in New York Rangers zone.
1:43 of 1st period - Marco Rossi is hit by Kyle Burroughs and loses puck.
2:22 of 1st period - Michael Anderson is hit by Brendan Smith and loses puck.
2:27 of 1st period - Snap shot by Conor Garland.
2:27 of 1st period - Shot Blocked by Michael Anderson.
2:37 of 1st period - Snap shot by Anthony Mantha.
2:37 of 1st period - Shot Misses the Net.
2:39 of 1st period - Wrist shot by Zach Benson.
2:39 of 1st period - Shot Misses the Net.
2:41 of 1st period - Slapshot by Michael Anderson.
2:41 of 1st period - Stopped by Igor Shesterkin without a rebound.
2:42 of 1st period - Nathan MacKinnon wins face-off versus Zach Benson in New York Rangers zone.
2:59 of 1st period - Slapshot by Nikolaj Ehlers.
2:59 of 1st period - Stopped by Joseph Woll without a rebound.
3:00 of 1st period - Shane Pinto wins face-off versus Dylan Strome in Quebec Nordiques zone.
3:34 of 1st period - Slapshot by Cole Caufield.
3:34 of 1st period - Shot Misses the Net.
3:48 of 1st period - Cam Fowler is hit by J.J. Moser and loses puck.
4:37 of 1st period - Slapshot by Shane Pinto.
4:37 of 1st period - Stopped by Igor Shesterkin with a rebound.
5:23 of 1st period - Icing by Michael Anderson.
5:24 of 1st period - Dylan Strome wins face-off versus Marco Rossi in Quebec Nordiques zone.
5:37 of 1st period - Snap shot by Marco Rossi.
5:37 of 1st period - Stopped by Igor Shesterkin with a rebound.
6:14 of 1st period - Slapshot by Jordan Greenway.
6:14 of 1st period - Shot Misses the Net.
6:16 of 1st period - Snap shot by Luke Kunin.
6:16 of 1st period - Shot Misses the Net.
6:18 of 1st period - Slapshot by J.J. Moser.
6:18 of 1st period - Stopped by Igor Shesterkin with a rebound.
6:20 of 1st period - Backhand shot by Connor Brown.
6:20 of 1st period - Shot Misses the Net.
6:22 of 1st period - Snap shot by J.J. Moser.
6:22 of 1st period - Shot Blocked by Jake McCabe.
6:24 of 1st period - Slapshot by Michael Anderson.
6:24 of 1st period - Shot Blocked by Marcus Foligno.
6:26 of 1st period - Slapshot by Michael Anderson.
6:26 of 1st period - Deflect By Marcus Foligno.
6:26 of 1st period - Stopped by Igor Shesterkin with a rebound.
6:36 of 1st period - Snap shot by Anthony Mantha.
6:36 of 1st period - Stopped by Igor Shesterkin with a rebound.
6:38 of 1st period - Slapshot by Alexandre Carrier.
6:38 of 1st period - Shot Misses the Net.
6:40 of 1st period - Slapshot by Jonas Siegenthaler.
6:40 of 1st period - Shot Misses the Net.
6:42 of 1st period - Wrist shot by Michael McCarron.
6:42 of 1st period - Shot Misses the Net.
6:44 of 1st period - Wrist shot by Zach Benson.
6:44 of 1st period - Shot Blocked by Conor Garland.
6:46 of 1st period - Snap shot by Anthony Mantha.
6:46 of 1st period - Shot Hit the Post.
6:52 of 1st period - Minor Penalty to Marcus Foligno for High sticking.
6:53 of 1st period - Shane Pinto wins face-off versus Mikael Granlund in New York Rangers zone.
6:56 of 1st period - Snap shot by Shane Pinto.
6:56 of 1st period - Shot Blocked by Adam Larsson.
6:58 of 1st period - Wrist shot by Shane Pinto.
6:58 of 1st period - Shot Misses the Net.
7:20 of 1st period - Alexandre Carrier is hit by Nikolaj Ehlers and loses puck.
7:40 of 1st period - Jake Walman is hit by Jonas Siegenthaler and loses puck.
8:12 of 1st period - Cole Caufield is hit by Michael Anderson and loses puck.
8:17 of 1st period - Slapshot by Marco Rossi.
8:17 of 1st period - Shot Hit the Post.
8:27 of 1st period - Mikael Granlund is hit by Kirby Dach.
8:31 of 1st period - J.J. Moser is hit by Mikael Granlund and loses puck.
8:49 of 1st period - Snap shot by Shane Pinto.
8:49 of 1st period - Stopped by Igor Shesterkin with a rebound.
8:52 of 1st period - Penalty to Marcus Foligno is over, Marcus Foligno is back on ice.
9:09 of 1st period - Snap shot by Artemi Panarin.
9:09 of 1st period - Deflect By Dylan Strome.
9:09 of 1st period - Stopped by Joseph Woll with a rebound.
9:11 of 1st period - Slapshot by Cam Fowler.
9:11 of 1st period - Stopped by Joseph Woll without a rebound.
9:12 of 1st period - Michael McCarron wins face-off versus Dylan Strome in Quebec Nordiques zone.
9:46 of 1st period - Luke Kunin is hit by Kyle Burroughs and loses puck.
9:59 of 1st period - Brendan Smith is hit by Michael McCarron and loses puck.
10:37 of 1st period - Icing by Mathew Barzal.
10:38 of 1st period - Dylan Strome wins face-off versus Shane Pinto in New York Rangers zone.
11:07 of 1st period - Snap shot by Joe Pavelski.
11:07 of 1st period - Shot Misses the Net.
12:04 of 1st period - Slapshot by Zach Benson.
12:04 of 1st period - Shot Blocked by Adam Larsson.
12:33 of 1st period - Connor Brown is hit by Joe Pavelski and loses puck.
13:08 of 1st period - Wrist shot by Anthony Mantha.
13:08 of 1st period - Deflect By Marcus Foligno.
13:08 of 1st period - Stopped by Igor Shesterkin without a rebound.
13:09 of 1st period - Michael McCarron wins face-off versus Nathan MacKinnon in New York Rangers zone.
13:36 of 1st period - J.J. Moser is hit by Mathew Barzal and loses puck.
14:03 of 1st period - Snap shot by Zach Benson.
14:03 of 1st period - Shot Misses the Net.
14:05 of 1st period - Wrist shot by Michael McCarron.
14:05 of 1st period - Shot Misses the Net.
14:07 of 1st period - Slapshot by Michael Anderson.
14:07 of 1st period - Shot Misses the Net.
14:09 of 1st period - Wrist shot by J.J. Moser.
14:09 of 1st period - Deflect By Michael McCarron.
14:09 of 1st period - Stopped by Igor Shesterkin with a rebound.
14:15 of 1st period - Wrist shot by Zach Benson.
14:15 of 1st period - Stopped by Igor Shesterkin with a rebound.
14:17 of 1st period - Wrist shot by Zach Benson.
14:17 of 1st period - Stopped by Igor Shesterkin without a rebound.
14:18 of 1st period - Nathan MacKinnon wins face-off versus Shane Pinto in New York Rangers zone.
14:45 of 1st period - Jake Walman is hit by Marco Rossi.
15:49 of 1st period - Kyle Burroughs is hit by Marc Staal and loses puck.
16:04 of 1st period - Slapshot by Cole Perfetti.
16:04 of 1st period - Stopped by Igor Shesterkin with a rebound.
16:16 of 1st period - Wrist shot by Marcus Foligno.
16:16 of 1st period - Stopped by Joseph Woll without a rebound.
16:17 of 1st period - David Kampf wins face-off versus Connor Brown in Quebec Nordiques zone.
16:26 of 1st period - Snap shot by Conor Garland.
16:26 of 1st period - Shot Blocked by Luke Kunin.
16:42 of 1st period - Wrist shot by Jordan Greenway.
16:42 of 1st period - Shot Misses the Net.
16:44 of 1st period - Slapshot by Luke Kunin.
16:44 of 1st period - Shot Misses the Net.
16:46 of 1st period - Snap shot by Luke Kunin.
16:46 of 1st period - Deflect By Jordan Greenway.
16:46 of 1st period - Shot Misses the Net.
16:46 of 1st period - Puck is out of play.
16:47 of 1st period - Shane Pinto wins face-off versus Mikael Granlund in New York Rangers zone.
17:11 of 1st period - Icing by J.J. Moser.
17:12 of 1st period - Nathan MacKinnon wins face-off versus Shane Pinto in Quebec Nordiques zone.
17:29 of 1st period - Snap shot by Cole Caufield.
17:29 of 1st period - Deflect By Nikolaj Ehlers.
17:29 of 1st period - Shot Misses the Net.
17:29 of 1st period - Puck is out of play.
17:30 of 1st period - Marco Rossi wins face-off versus Mikael Granlund in Quebec Nordiques zone.
17:39 of 1st period - Slapshot by Marco Rossi.
17:39 of 1st period - Stopped by Igor Shesterkin with a rebound.
18:20 of 1st period - Justin Holl is hit by Brendan Smith and loses puck.
19:14 of 1st period - Kyle Burroughs is hit by J.J. Moser and loses puck.
19:29 of 1st period - Snap shot by Anthony Mantha.
19:29 of 1st period - Shot Blocked by Kyle Burroughs.
19:45 of 1st period - Marc Staal is hit by Nathan MacKinnon and loses puck.
Goals for this period are 0 for New York Rangers vs 0 for Quebec Nordiques.
Shots for this period are 5 for New York Rangers vs 15 for Quebec Nordiques.
2nd period
0:01 of 2nd period - Mikael Granlund wins face-off versus Shane Pinto in neutral zone.
0:16 of 2nd period - Snap shot by Kirby Dach.
0:16 of 2nd period - Shot Blocked by Adam Larsson.
0:38 of 2nd period - Off-side.
0:39 of 2nd period - Jonatan Berggren wins face-off versus Nathan MacKinnon in neutral zone.
0:54 of 2nd period - Wrist shot by Marco Rossi.
0:54 of 2nd period - Stopped by Igor Shesterkin with a rebound.
2:16 of 2nd period - Marcus Foligno is hit by Jonas Siegenthaler and loses puck.
2:35 of 2nd period - Minor Penalty to Kyle Burroughs for Slashing.
2:36 of 2nd period - Shane Pinto wins face-off versus Mikael Granlund in New York Rangers zone.
2:39 of 2nd period - Wrist shot by Shane Pinto.
2:39 of 2nd period - Shot Misses the Net.
2:41 of 2nd period - Snap shot by Shane Pinto.
2:41 of 2nd period - Stopped by Igor Shesterkin without a rebound.
2:42 of 2nd period - Shane Pinto wins face-off versus Mikael Granlund in New York Rangers zone.
3:37 of 2nd period - Snap shot by Shane Pinto.
3:37 of 2nd period - Goal by Shane Pinto - New York Rangers : 0 - Quebec Nordiques : 1.
3:38 of 2nd period - Marco Rossi wins face-off versus Dylan Strome in neutral zone.
3:53 of 2nd period - Snap shot by Marco Rossi.
3:53 of 2nd period - Shot Blocked by Mathew Barzal.
4:11 of 2nd period - Wrist shot by Cole Caufield.
4:11 of 2nd period - Stopped by Joseph Woll with a rebound.
4:13 of 2nd period - Backhand shot by Cam Fowler.
4:13 of 2nd period - Shot Blocked by Alexandre Carrier.
4:15 of 2nd period - Snap shot by Nikolaj Ehlers.
4:15 of 2nd period - Shot Blocked by Jordan Greenway.
4:25 of 2nd period - Mikael Granlund is hit by Zach Benson.
4:52 of 2nd period - Michael Anderson is hit by Brendan Smith and loses puck.
5:05 of 2nd period - Jake McCabe is hit by Rem Pitlick.
5:09 of 2nd period - Slapshot by Jake Walman.
5:09 of 2nd period - Shot Misses the Net.
5:56 of 2nd period - Jake Walman is hit by Michael McCarron and loses puck.
6:17 of 2nd period - Wrist shot by Jonatan Berggren.
6:17 of 2nd period - Shot Blocked by Cam Fowler.
6:19 of 2nd period - Snap shot by Marco Rossi.
6:19 of 2nd period - Shot Blocked by Cam Fowler.
6:21 of 2nd period - Snap shot by Marco Rossi.
6:21 of 2nd period - Deflect By Artemi Panarin.
6:21 of 2nd period - Shot Misses the Net.
6:21 of 2nd period - Puck is out of play.
6:22 of 2nd period - Nathan MacKinnon wins face-off versus Shane Pinto in New York Rangers zone.
6:31 of 2nd period - Kirby Dach is hit by Cole Caufield and loses puck.
6:38 of 2nd period - Slapshot by Nathan MacKinnon.
6:38 of 2nd period - Stopped by Joseph Woll without a rebound.
6:39 of 2nd period - Dylan Strome wins face-off versus Marco Rossi in Quebec Nordiques zone.
6:43 of 2nd period - Slapshot by Adam Larsson.
6:43 of 2nd period - Shot Blocked by Jonas Siegenthaler.
7:15 of 2nd period - Wrist shot by Zach Benson.
7:15 of 2nd period - Stopped by Igor Shesterkin with a rebound.
7:22 of 2nd period - Snap shot by Dylan Strome.
7:22 of 2nd period - Stopped by Joseph Woll without a rebound.
7:23 of 2nd period - Mikael Granlund wins face-off versus Shane Pinto in Quebec Nordiques zone.
7:24 of 2nd period - Slapshot by Joe Pavelski.
7:24 of 2nd period - Shot Misses the Net.
7:26 of 2nd period - Snap shot by Teuvo Teravainen.
7:26 of 2nd period - Stopped by Joseph Woll without a rebound.
7:27 of 2nd period - Mikael Granlund wins face-off versus Shane Pinto in Quebec Nordiques zone.
7:32 of 2nd period - Slapshot by Teuvo Teravainen.
7:32 of 2nd period - Stopped by Joseph Woll with a rebound.
7:36 of 2nd period - Wrist shot by Mikael Granlund.
7:36 of 2nd period - Stopped by Joseph Woll without a rebound.
7:37 of 2nd period - Shane Pinto wins face-off versus Nikolaj Ehlers in Quebec Nordiques zone.
7:42 of 2nd period - Shane Pinto is hit by Jake McCabe and loses puck.
7:51 of 2nd period - Slapshot by Nikolaj Ehlers.
7:51 of 2nd period - Shot Blocked by Cole Perfetti.
7:53 of 2nd period - Slapshot by Jake Walman.
7:53 of 2nd period - Shot Blocked by Shane Pinto.
8:03 of 2nd period - J.J. Moser is hit by Mathew Barzal and loses puck.
8:30 of 2nd period - Snap shot by Joe Pavelski.
8:30 of 2nd period - Stopped by Joseph Woll without a rebound.
8:31 of 2nd period - Nathan MacKinnon wins face-off versus Marco Rossi in Quebec Nordiques zone.
9:34 of 2nd period - Slapshot by Cam Fowler.
9:34 of 2nd period - Shot Misses the Net.
9:44 of 2nd period - Slapshot by Jonatan Berggren.
9:44 of 2nd period - Stopped by Igor Shesterkin with a rebound.
9:46 of 2nd period - Slapshot by Marco Rossi.
9:46 of 2nd period - Shot Blocked by Cam Fowler.
9:48 of 2nd period - Snap shot by Jonatan Berggren.
9:48 of 2nd period - Stopped by Igor Shesterkin with a rebound.
10:00 of 2nd period - Cole Caufield is hit by Jonatan Berggren.
10:18 of 2nd period - Snap shot by Marco Rossi.
10:18 of 2nd period - Stopped by Igor Shesterkin with a rebound.
10:20 of 2nd period - Snap shot by Jonatan Berggren.
10:20 of 2nd period - Shot Misses the Net.
10:22 of 2nd period - Slapshot by Alexandre Carrier.
10:22 of 2nd period - Shot Blocked by Nikolaj Ehlers.
10:24 of 2nd period - Slapshot by Jonas Siegenthaler.
10:24 of 2nd period - Deflect By Marco Rossi.
10:24 of 2nd period - Stopped by Igor Shesterkin without a rebound.
10:25 of 2nd period - Mikael Granlund wins face-off versus Shane Pinto in New York Rangers zone.
10:30 of 2nd period - Cole Perfetti is hit by Teuvo Teravainen and loses puck.
11:01 of 2nd period - Snap shot by Mathew Barzal.
11:01 of 2nd period - Shot Misses the Net.
11:03 of 2nd period - Snap shot by Jake McCabe.
11:03 of 2nd period - Stopped by Joseph Woll without a rebound.
11:04 of 2nd period - Mikael Granlund wins face-off versus Shane Pinto in Quebec Nordiques zone.
11:29 of 2nd period - Justin Holl is hit by Mathew Barzal and loses puck.
11:52 of 2nd period - J.J. Moser is hit by Marcus Foligno and loses puck.
12:03 of 2nd period - Icing by Luke Kunin.
12:04 of 2nd period - Mikael Granlund wins face-off versus Connor Brown in Quebec Nordiques zone.
12:04 of 2nd period - Luke Kunin beats up Kyle Burroughs.
12:04 of 2nd period - Penalty to Luke Kunin for Fighting.
12:04 of 2nd period - Penalty to Kyle Burroughs for Fighting.
12:04 of 2nd period - Penalty to Luke Kunin for instigated a fight.
12:04 of 2nd period - Penalty to Luke Kunin for instigated a fight.
12:05 of 2nd period - Nathan MacKinnon wins face-off versus Michael McCarron in Quebec Nordiques zone.
12:08 of 2nd period - Snap shot by Nathan MacKinnon.
12:08 of 2nd period - Deflect By Cole Caufield.
12:08 of 2nd period - Shot Misses the Net.
12:08 of 2nd period - Puck is out of play.
12:09 of 2nd period - Michael McCarron wins face-off versus Nathan MacKinnon in Quebec Nordiques zone.
12:24 of 2nd period - Wrist shot by Michael McCarron.
12:24 of 2nd period - Shot Blocked by Mathew Barzal.
12:27 of 2nd period - Icing by Mathew Barzal.
12:28 of 2nd period - Michael McCarron wins face-off versus Nathan MacKinnon in New York Rangers zone.
12:33 of 2nd period - Slapshot by Jordan Greenway.
12:33 of 2nd period - Shot Misses the Net.
12:35 of 2nd period - Snap shot by Michael McCarron.
12:35 of 2nd period - Stopped by Igor Shesterkin with a rebound.
12:37 of 2nd period - Slapshot by J.J. Moser.
12:37 of 2nd period - Stopped by Igor Shesterkin with a rebound.
12:39 of 2nd period - Slapshot by J.J. Moser.
12:39 of 2nd period - Deflect By Jordan Greenway.
12:39 of 2nd period - Shot Blocked by Cam Fowler.
12:39 of 2nd period - Puck is out of play.
12:40 of 2nd period - Nathan MacKinnon wins face-off versus Michael McCarron in New York Rangers zone.
14:04 of 2nd period - Penalty to Luke Kunin is over, Kirby Dach is send on ice.
14:49 of 2nd period - Wrist shot by Zach Benson.
14:49 of 2nd period - Shot Blocked by Artemi Panarin.
14:51 of 2nd period - Snap shot by Kirby Dach.
14:51 of 2nd period - Stopped by Igor Shesterkin without a rebound.
14:52 of 2nd period - Jonatan Berggren wins face-off versus Dylan Strome in New York Rangers zone.
15:39 of 2nd period - Snap shot by Joe Pavelski.
15:39 of 2nd period - Stopped by Joseph Woll with a rebound.
16:04 of 2nd period - Off-side.
16:05 of 2nd period - Michael McCarron wins face-off versus David Kampf in neutral zone.
16:08 of 2nd period - Snap shot by Jonas Siegenthaler.
16:08 of 2nd period - Stopped by Igor Shesterkin with a rebound.
16:36 of 2nd period - Snap shot by Conor Garland.
16:36 of 2nd period - Shot Blocked by Jonas Siegenthaler.
16:38 of 2nd period - Snap shot by David Kampf.
16:38 of 2nd period - Shot Blocked by Jonas Siegenthaler.
16:40 of 2nd period - Wrist shot by David Kampf.
16:40 of 2nd period - Shot Blocked by J.J. Moser.
16:42 of 2nd period - Snap shot by Brendan Smith.
16:42 of 2nd period - Stopped by Joseph Woll without a rebound.
16:43 of 2nd period - Dylan Strome wins face-off versus Shane Pinto in Quebec Nordiques zone.
16:56 of 2nd period - Wrist shot by Artemi Panarin.
16:56 of 2nd period - Deflect By Mathew Barzal.
16:56 of 2nd period - Shot Misses the Net.
16:56 of 2nd period - Puck is out of play.
16:57 of 2nd period - Mikael Granlund wins face-off versus Shane Pinto in Quebec Nordiques zone.
16:58 of 2nd period - Wrist shot by Teuvo Teravainen.
16:58 of 2nd period - Stopped by Joseph Woll without a rebound.
16:59 of 2nd period - Cole Perfetti wins face-off versus Mikael Granlund in Quebec Nordiques zone.
17:01 of 2nd period - Minor Penalty to J.J. Moser for Interference.
17:02 of 2nd period - Michael McCarron wins face-off versus Nathan MacKinnon in Quebec Nordiques zone.
17:04 of 2nd period - Penalty to Luke Kunin is over, Zach Benson is send on ice.
17:30 of 2nd period - Wrist shot by Nikolaj Ehlers.
17:30 of 2nd period - Goal by Nikolaj Ehlers - New York Rangers : 1 - Quebec Nordiques : 1.
17:31 of 2nd period - Shane Pinto wins face-off versus Dylan Strome in neutral zone.
18:02 of 2nd period - Snap shot by Marco Rossi.
18:02 of 2nd period - Shot Blocked by Adam Larsson.
18:04 of 2nd period - Slapshot by Marco Rossi.
18:04 of 2nd period - Deflect By Jonatan Berggren.
18:04 of 2nd period - Shot Misses the Net.
18:04 of 2nd period - Puck is out of play.
18:05 of 2nd period - Shane Pinto wins face-off versus Mikael Granlund in New York Rangers zone.
18:51 of 2nd period - Snap shot by Anthony Mantha.
18:51 of 2nd period - Stopped by Igor Shesterkin without a rebound.
18:52 of 2nd period - Shane Pinto wins face-off versus Cole Caufield in New York Rangers zone.
18:57 of 2nd period - Snap shot by Shane Pinto.
18:57 of 2nd period - Shot Blocked by Nathan MacKinnon.
19:18 of 2nd period - Artemi Panarin is hit by Jonas Siegenthaler and loses puck.
19:25 of 2nd period - Slapshot by Rem Pitlick.
19:25 of 2nd period - Stopped by Igor Shesterkin with a rebound.
19:48 of 2nd period - Icing by Justin Holl.
19:49 of 2nd period - Michael McCarron wins face-off versus Mikael Granlund in Quebec Nordiques zone.
Goals for this period are 1 for New York Rangers vs 1 for Quebec Nordiques.
Shots for this period are 12 for New York Rangers vs 14 for Quebec Nordiques.
3rd period
0:01 of 3rd period - Dylan Strome wins face-off versus Shane Pinto in neutral zone.
0:38 of 3rd period - Off-side.
0:39 of 3rd period - Michael McCarron wins face-off versus Nathan MacKinnon in neutral zone.
0:44 of 3rd period - Jake Walman is hit by Michael McCarron and loses puck.
1:05 of 3rd period - Mikael Granlund is hit by Cole Perfetti and loses puck.
1:10 of 3rd period - Snap shot by Shane Pinto.
1:10 of 3rd period - Shot Hit the Post.
1:12 of 3rd period - Snap shot by Kirby Dach.
1:12 of 3rd period - Stopped by Igor Shesterkin without a rebound.
1:13 of 3rd period - Marco Rossi wins face-off versus Dylan Strome in New York Rangers zone.
1:20 of 3rd period - Snap shot by Marco Rossi.
1:20 of 3rd period - Stopped by Igor Shesterkin without a rebound.
1:21 of 3rd period - Rem Pitlick wins face-off versus Dylan Strome in New York Rangers zone.
1:33 of 3rd period - Minor Penalty to Artemi Panarin for Tripping.
1:34 of 3rd period - David Kampf wins face-off versus Shane Pinto in New York Rangers zone.
2:00 of 3rd period - Snap shot by Marco Rossi.
2:00 of 3rd period - Stopped by Igor Shesterkin without a rebound.
2:01 of 3rd period - David Kampf wins face-off versus Marco Rossi in New York Rangers zone.
2:30 of 3rd period - Snap shot by Zach Benson.
2:30 of 3rd period - Shot Misses the Net.
2:32 of 3rd period - Snap shot by Zach Benson.
2:32 of 3rd period - Stopped by Igor Shesterkin without a rebound.
2:33 of 3rd period - Shane Pinto wins face-off versus Mikael Granlund in New York Rangers zone.
2:42 of 3rd period - Snap shot by Shane Pinto.
2:42 of 3rd period - Shot Misses the Net.
2:44 of 3rd period - Slapshot by J.J. Moser.
2:44 of 3rd period - Shot Blocked by Mikael Granlund.
2:46 of 3rd period - Snap shot by J.J. Moser.
2:46 of 3rd period - Deflect By Shane Pinto.
2:46 of 3rd period - Shot Blocked by Mikael Granlund.
2:46 of 3rd period - Puck is out of play.
2:47 of 3rd period - David Kampf wins face-off versus Shane Pinto in New York Rangers zone.
3:33 of 3rd period - Penalty to Artemi Panarin is over, Artemi Panarin is back on ice.
3:36 of 3rd period - Snap shot by Artemi Panarin.
3:36 of 3rd period - Deflect By Dylan Strome.
3:36 of 3rd period - Shot Misses the Net.
3:36 of 3rd period - Puck is out of play.
3:37 of 3rd period - Michael McCarron wins face-off versus Dylan Strome in Quebec Nordiques zone.
3:41 of 3rd period - Off-side.
3:42 of 3rd period - Michael McCarron wins face-off versus Dylan Strome in neutral zone.
3:45 of 3rd period - Artemi Panarin is hit by Michael McCarron.
4:03 of 3rd period - Wrist shot by Jordan Greenway.
4:03 of 3rd period - Stopped by Igor Shesterkin with a rebound.
4:05 of 3rd period - Slapshot by Michael Anderson.
4:05 of 3rd period - Stopped by Igor Shesterkin with a rebound.
4:07 of 3rd period - Slapshot by Jonas Siegenthaler.
4:07 of 3rd period - Deflect By Dylan Strome.
4:07 of 3rd period - Stopped by Igor Shesterkin without a rebound.
4:08 of 3rd period - Shane Pinto wins face-off versus Mikael Granlund in New York Rangers zone.
4:20 of 3rd period - Minor Penalty to Jake Walman for Hooking.
4:21 of 3rd period - Shane Pinto wins face-off versus David Kampf in New York Rangers zone.
4:49 of 3rd period - J.J. Moser is hit by Brendan Smith and loses puck.
5:11 of 3rd period - Icing by Cole Perfetti.
5:12 of 3rd period - David Kampf wins face-off versus Shane Pinto in Quebec Nordiques zone.
5:20 of 3rd period - Icing by Michael Anderson.
5:21 of 3rd period - Shane Pinto wins face-off versus David Kampf in Quebec Nordiques zone.
6:20 of 3rd period - Penalty to Jake Walman is over, Jake Walman is back on ice.
6:24 of 3rd period - Backhand shot by Shane Pinto.
6:24 of 3rd period - Stopped by Igor Shesterkin without a rebound.
6:25 of 3rd period - Marco Rossi wins face-off versus Teuvo Teravainen in New York Rangers zone.
6:30 of 3rd period - Snap shot by Jonatan Berggren.
6:30 of 3rd period - Stopped by Igor Shesterkin without a rebound.
6:31 of 3rd period - Marco Rossi wins face-off versus Teuvo Teravainen in New York Rangers zone.
6:53 of 3rd period - Icing by Mikael Granlund.
6:54 of 3rd period - Michael McCarron wins face-off versus Mikael Granlund in New York Rangers zone.
7:03 of 3rd period - Wrist shot by Jordan Greenway.
7:03 of 3rd period - Deflect By Michael McCarron.
7:03 of 3rd period - Shot Misses the Net.
7:03 of 3rd period - Puck is out of play.
7:04 of 3rd period - 10 Minutes Misconduct Penalty to Luke Kunin is over.
7:04 of 3rd period - Michael McCarron wins face-off versus Nathan MacKinnon in New York Rangers zone.
7:23 of 3rd period - Wrist shot by Michael McCarron.
7:23 of 3rd period - Stopped by Igor Shesterkin with a rebound.
7:25 of 3rd period - Slapshot by J.J. Moser.
7:25 of 3rd period - Deflect By Brendan Smith.
7:25 of 3rd period - Stopped by Igor Shesterkin with a rebound.
7:27 of 3rd period - Slapshot by Michael Anderson.
7:27 of 3rd period - Stopped by Igor Shesterkin with a rebound.
7:33 of 3rd period - Slapshot by Jordan Greenway.
7:33 of 3rd period - Deflect By Michael McCarron.
7:33 of 3rd period - Stopped by Igor Shesterkin without a rebound.
7:34 of 3rd period - Dylan Strome wins face-off versus Shane Pinto in New York Rangers zone.
7:39 of 3rd period - Slapshot by Dylan Strome.
7:39 of 3rd period - Shot Misses the Net.
7:41 of 3rd period - Slapshot by Dylan Strome.
7:41 of 3rd period - Shot Blocked by Jonas Siegenthaler.
7:43 of 3rd period - Slapshot by Mathew Barzal.
7:43 of 3rd period - Shot Misses the Net.
7:45 of 3rd period - Slapshot by Adam Larsson.
7:45 of 3rd period - Stopped by Joseph Woll without a rebound.
7:46 of 3rd period - Shane Pinto wins face-off versus Nathan MacKinnon in Quebec Nordiques zone.
7:57 of 3rd period - Wrist shot by Cole Perfetti.
7:57 of 3rd period - Stopped by Igor Shesterkin with a rebound.
8:13 of 3rd period - Jonatan Berggren is hit by Adam Larsson and loses puck.
8:39 of 3rd period - Michael Anderson is hit by Brendan Smith and loses puck.
8:56 of 3rd period - Wrist shot by Conor Garland.
8:56 of 3rd period - Shot Blocked by J.J. Moser.
8:58 of 3rd period - Snap shot by Marcus Foligno.
8:58 of 3rd period - Shot Misses the Net.
9:00 of 3rd period - Slapshot by Jake Walman.
9:00 of 3rd period - Shot Misses the Net.
9:02 of 3rd period - Snap shot by David Kampf.
9:02 of 3rd period - Stopped by Joseph Woll without a rebound.
9:03 of 3rd period - Shane Pinto wins face-off versus Nathan MacKinnon in Quebec Nordiques zone.
9:10 of 3rd period - Icing by Cam Fowler.
9:11 of 3rd period - Shane Pinto wins face-off versus Nathan MacKinnon in New York Rangers zone.
9:37 of 3rd period - Snap shot by Shane Pinto.
9:37 of 3rd period - Shot Misses the Net.
9:39 of 3rd period - Slapshot by Marc Staal.
9:39 of 3rd period - Shot Blocked by Cam Fowler.
9:41 of 3rd period - Slapshot by Marc Staal.
9:41 of 3rd period - Stopped by Igor Shesterkin with a rebound.
9:43 of 3rd period - Slapshot by Marc Staal.
9:43 of 3rd period - Deflect By Nikolaj Ehlers.
9:43 of 3rd period - Stopped by Igor Shesterkin without a rebound.
9:44 of 3rd period - Joe Pavelski wins face-off versus Jonatan Berggren in New York Rangers zone.
9:48 of 3rd period - Jake Walman is hit by Alexandre Carrier and loses puck.
9:59 of 3rd period - Wrist shot by Mikael Granlund.
9:59 of 3rd period - Stopped by Joseph Woll without a rebound.
10:00 of 3rd period - Mathew Barzal wins face-off versus Shane Pinto in Quebec Nordiques zone.
10:15 of 3rd period - Snap shot by Artemi Panarin.
10:15 of 3rd period - Shot Misses the Net.
10:17 of 3rd period - Slapshot by Brendan Smith.
10:17 of 3rd period - Shot Misses the Net.
10:52 of 3rd period - Icing by Marcus Foligno.
10:53 of 3rd period - David Kampf wins face-off versus Shane Pinto in New York Rangers zone.
11:04 of 3rd period - Shane Pinto is hit by Marcus Foligno and loses puck.
11:32 of 3rd period - Off-side.
11:33 of 3rd period - Mikael Granlund wins face-off versus Marco Rossi in neutral zone.
11:44 of 3rd period - Snap shot by Teuvo Teravainen.
11:44 of 3rd period - Shot Misses the Net.
11:46 of 3rd period - Snap shot by Mikael Granlund.
11:46 of 3rd period - Deflect By Joe Pavelski.
11:46 of 3rd period - Shot Misses the Net.
11:46 of 3rd period - Puck is out of play.
11:47 of 3rd period - Shane Pinto wins face-off versus Dylan Strome in Quebec Nordiques zone.
13:10 of 3rd period - Minor Penalty to Adam Larsson for High sticking.
13:11 of 3rd period - Shane Pinto wins face-off versus David Kampf in New York Rangers zone.
13:36 of 3rd period - Michael Anderson is hit by Mikael Granlund and loses puck.
14:20 of 3rd period - Brendan Smith is hit by Michael Anderson and loses puck.
14:55 of 3rd period - Mikael Granlund is hit by Alexandre Carrier and loses puck.
15:10 of 3rd period - Penalty to Adam Larsson is over, Adam Larsson is back on ice.
15:38 of 3rd period - Minor Penalty to Luke Kunin for Roughing.
15:39 of 3rd period - Michael McCarron wins face-off versus Nathan MacKinnon in Quebec Nordiques zone.
15:52 of 3rd period - Snap shot by Nathan MacKinnon.
15:52 of 3rd period - Stopped by Joseph Woll without a rebound.
15:53 of 3rd period - Nathan MacKinnon wins face-off versus Michael McCarron in Quebec Nordiques zone.
16:24 of 3rd period - Slapshot by Mathew Barzal.
16:24 of 3rd period - Shot Misses the Net.
16:26 of 3rd period - Snap shot by Nikolaj Ehlers.
16:26 of 3rd period - Shot Misses the Net.
16:28 of 3rd period - Slapshot by Nikolaj Ehlers.
16:28 of 3rd period - Shot Hit the Post.
16:30 of 3rd period - Slapshot by Mathew Barzal.
16:30 of 3rd period - Shot Misses the Net.
16:32 of 3rd period - Slapshot by Dylan Strome.
16:32 of 3rd period - Stopped by Joseph Woll with a rebound.
16:34 of 3rd period - Snap shot by Nikolaj Ehlers.
16:34 of 3rd period - Stopped by Joseph Woll with a rebound.
16:36 of 3rd period - Snap shot by Dylan Strome.
16:36 of 3rd period - Shot Blocked by Michael McCarron.
17:38 of 3rd period - Penalty to Luke Kunin is over, Luke Kunin is back on ice.
19:54 of 3rd period - Snap shot by Jordan Greenway.
19:54 of 3rd period - Goal by Jordan Greenway - New York Rangers : 1 - Quebec Nordiques : 2.
19:55 of 3rd period - Nathan MacKinnon wins face-off versus Michael McCarron in neutral zone.
Goals for this period are 0 for New York Rangers vs 1 for Quebec Nordiques.
Shots for this period are 6 for New York Rangers vs 17 for Quebec Nordiques.
Back to the Top